 Dungeon Crawl Stone Soup version 0.30.0-29-ga12c61a403 (webtiles) character file.

Game seed: 16181854055336263842

887 hawla the Firebug (level 8, -3/57 HPs)
             Began as a Meteoran Fire Elementalist on June 9, 2023.
             Slain by an ogre
             ... wielding a +0 giant spiked club
              (29 damage)
             ... on level 5 of the Dungeon.
             The game lasted 00:06:59 (1146 turns).

hawla the Firebug (Meteoran Fire Elementalist)      Turns: 1146, Time: 00:07:00

Health: -3/57      AC:  2    Str: 10    XL:     8   Next: 51%
Magic:  1/18       EV: 13    Int: 17    God:
Gold:   130        SH:  0    Dex: 14    Spells: 13/20 levels left

rFire   . . .        d - +0 flail
rCold   . . .        (no shield)
rNeg    . . .        a - +0 robe
rPois   .            (helmet restricted)
rElec   .            (no cloak)
rCorr   .            (no gloves)
SInv    .            (no boots)
Will    +....        (no amulet)
Stlth   +            (no ring)
HPRegen 0.29/turn    (no ring)
MPRegen 0.16/turn

%: no passive effects
@: marked, very slightly contaminated, glowing, unable to read
A: sense surroundings 1, otherworldly, glowing, explore regen, horns 1, dopey 1,
inability to read after injury 1, MP-powered wands
a: no special abilities


You were on level 5 of the Dungeon.
You visited 1 branch of the dungeon, and saw 5 of its levels.

You collected 130 gold pieces.

Inventory:

Hand Weapons
 d - a +0 flail (weapon)
Armour
 a - a +0 robe (worn)
Potions
 c - 2 potions of heal wounds


   Skills:
 + Level 3.4 Dodging
 - Level 1.4 Stealth
 + Level 6.5 Spellcasting
 + Level 6.3 Conjurations
 + Level 6.5 Fire Magic


You had 13 spell levels left.
You knew the following spells:

 Your Spells              Type           Power      Damage    Failure   Level
a - Foxfire               Conj/Fire      100%       2x1d9     1%          1
b - Scorch                Fire           54%        2d7       1%          2
c - Flame Wave            Conj/Fire      27%        2d9       9%          4

Your spell library contained the following spells:

 Spells                   Type           Power      Damage    Failure   Level
 Shock                    Conj/Air       64%        1d7       3%          1
 Inner Flame              Hex/Fire       16%        N/A       10%         3
 Volatile Blastmotes      Fire/Tloc      32%        2d12      10%         3
 Swiftness                Air            5%         N/A       36%         3
 Airstrike                Air            2%         2d(1-17)  77%         4


Dungeon Overview and Level Annotations

Branches:
Dungeon (5/15) Zot: 1867   Temple (0/1) D:5

Altars:
Cheibriados
Trog
Xom

Annotations:
D:5 1 transporter, Sigmund


Innate Abilities, Weirdness & Mutations

You passively map a small area around you.
You are easily found by Zot.
You glow in the dark.
You regain HP and MP as you explore.
You have a pair of small horns on your head.
You are dopey. (Int -2)
You occasionally lose the ability to read scrolls when taking damage.
You expend magic power (3 MP) to strengthen your wands.


Message History

You are very lightly contaminated with residual magic.
Nothing appears to happen.
The foxfire hits the hound.
You kill the hound!
Unknown command.
Casting: Foxfire (safe; 1% risk of failure)
Confirm with . or Enter, or press ? or * to list all spells.
You conjure some foxfire!
The hound completely misses you. The scorpion barely misses you.
The hound bites you.
An ogre comes into view. It is wielding a +0 giant spiked club.
The foxfire hits the water moccasin.
The water moccasin is moderately wounded.
The scorpion barely misses you.
You aren't carrying any scrolls.
You sock the hound!
You kill the hound!
The foxfire hits the scorpion.
The scorpion is moderately wounded.
The scorpion stings you.
You are poisoned.
The scorpion poisons you!
Sigmund the Dreaded comes into view.
He is wielding a +0 scythe.
The water moccasin bites you.
You feel better. The scorpion closely misses you. The water moccasin bites you.
The ogre misses you.
It was a potion of heal wounds.
You feel much better.
The water moccasin completely misses you.
The scorpion closely misses you.
A jelly comes into view.
The water moccasin closely misses you. The scorpion closely misses you.
The ogre hits you with a +0 giant spiked club!!
Unknown command.
The scorpion attacks as you move away! The scorpion stings you.
The water moccasin attacks as you move away!
The water moccasin bites you but does no damage.
Items here: )) [[ ††.
The ogre attacks as you move away!
The ogre hits you with a +0 giant spiked club!!
You feel threatened and lose the ability to read scrolls!
Ouch! That really hurt!
You die...

* , * #.......
####+++#####....... * ,
#.........######### *
#.☼.....°.# #.....# ,
#.........# #.###.# *
#...Z$$...###.###.. #.#
#.○ZZ©$.°.#.....### ,
....@###########...#....
**#.).@Ss©.##.....#..##
* ,
#####O...##.#...#..#. ,
#...J..........#.... *
*#.#............##.## *
, ,.. #.##....#.......#
* , .., #.
####.#...###### , #
#.#####.#...##.... ,
#...........###.#.
#######.##.####.#.


You could see a water moccasin, an ogre, Sigmund, a scorpion, a jelly, a gnoll
sergeant zombie and 2 orc warrior zombies.

Vanquished Creatures
  A black bear (D:4)
  An ogre (D:4)
  A centaur (D:5)
  2 phantoms
  2 scorpions (D:5)
  4 hounds
  A jelly (D:4)
  An orc priest (D:4)
  A sleepcap (D:3)
  4 orc wizards
  3 adders (D:4)
  An ufetubus (D:5)
  A worm (D:2)
  2 dart slugs (D:4)
  7 orcs
  4 endoplasms
  3 goblins
  5 hobgoblins
  2 kobolds
  2 quokkas
  3 ball pythons (D:4)
  3 frilled lizards
  A butterfly (D:3)
55 creatures vanquished.

Vanquished Creatures (others)
  128 foxfires
128 creatures vanquished.

Grand Total: 183 creatures vanquished

Notes
Turn   | Place    | Note
-------+----------+-------------------------------------------
     0 | D:1      | hawla the Meteoran Fire Elementalist began the quest for
                  | the Orb.
     0 | D:1      | Reached XP level 1. HP: 14/14 MP: 5/5
    45 | D:1      | Reached XP level 2. HP: 20/20 MP: 2/6
    51 | D:1      | Learned a level 2 spell: Scorch
   151 | D:3      | Reached XP level 3. HP: 26/26 MP: 0/8
   155 | D:3      | Reached XP level 4. HP: 9/33 MP: 6/10
   163 | D:3      | Found a shimmering altar of Xom.
   228 | D:4      | Reached skill level 5 in Fire Magic
   257 | D:4      | Reached XP level 5. HP: 38/38 MP: 5/11
   265 | D:4      | Learned a level 4 spell: Flame Wave
   343 | D:4      | Noticed a black bear
   350 | D:4      | Killed a black bear
   351 | D:4      | Reached XP level 6. HP: 45/45 MP: 4/13
   398 | D:4      | Found a snail-covered altar of Cheibriados.
   464 | D:4      | Gained mutation: You have large cloven feet. [potion of
                  | mutation]
   464 | D:4      | Gained mutation: Your muscles are strong. (Str +4, Int/Dex
                  | -1) [potion of mutation]
   464 | D:4      | Gained mutation: You expend magic power (3 MP) to
                  | strengthen your wands. [potion of mutation]
   546 | D:4      | Lost mutation: Your muscles are strong. (Str +4, Int/Dex
                  | -1) [potion of mutation]
   546 | D:4      | Lost mutation: You expend magic power (3 MP) to strengthen
                  | your wands. [potion of mutation]
   546 | D:4      | Lost mutation: You have large cloven feet. [potion of
                  | mutation]
   546 | D:4      | Gained mutation: You have a pair of small horns on your
                  | head. [potion of mutation]
   546 | D:4      | Gained mutation: You occasionally lose the ability to read
                  | scrolls when taking damage. [potion of mutation]
   546 | D:4      | Gained mutation: You are dopey. (Int -2) [potion of
                  | mutation]
   546 | D:4      | Gained mutation: You expend magic power (3 MP) to
                  | strengthen your wands. [potion of mutation]
   556 | D:4      | Reached skill level 5 in Conjurations
   556 | D:4      | Reached XP level 7. HP: 46/50 MP: 4/14
   910 | D:5      | Entered Level 5 of the Dungeon
   919 | D:5      | Reached skill level 5 in Spellcasting
   951 | D:5      | Reached XP level 8. HP: 57/57 MP: 7/17
  1003 | D:5      | Found a bloodstained altar of Trog.
  1089 | D:5      | Found a transporter.
  1142 | D:5      | Noticed Sigmund
  1146 | D:5      | Slain by an ogre

Illustrated notes

Levels and vault maps discovered:
D:1:      wheals_arrival_shading, layout_basic
D:2:      layout_basic, uniq_jessica, uniq_crazy_yiuf_cottage
D:3:      layout_basic, xom_butterflies, bloody_makhleb
D:4:      layout_basic, kennysheep_slug_shrine, hangedman_feature_mirror
D:5:      gammafunk_cloud_chamber, layout_basic, trog_butcher_becter,
          minmay_temple_entry_from_below_a, uniq_sigmund

Skill      XL: |  1  2  3  4  5  6  7  8 |
---------------+-------------------------+-----
Fire Magic     | 4 5 6 |  6.5
Spellcasting   | 3 4 5 6 |  6.5
Conjurations   | 4 5 6 |  6.3
Dodging        | 3 |  3.4
Stealth        | |  1.4

Action                     |  1- 3 |  4- 6 |  7- 9 || total
---------------------------+-------+-------+-------++-------
  Melee: Unarmed           |     4 |     5 |       ||     9
         Kick              |       |     1 |       ||     1
         Flail             |       |       |     9 ||     9
         Headbutt          |       |       |     3 ||     3
   Cast: Foxfire           |    23 |    32 |    19 ||    74
         Scorch            |     4 |    14 |    13 ||    31
         Flame Wave        |       |     1 |     2 ||     3
    Use: Potion            |     1 |     4 |     2 ||     7
         Scroll            |       |     2 |     1 ||     3
 Armour: Robe              |     3 |     5 |     6 ||    14
  Dodge: Dodged            |     2 |    13 |    22 ||    37
